 Dungeon Sprint DCSS version 0.27.1-1-g398f81649c (webtiles) character file.

Game seed: 1490807835103227072

5522 styxcanada the Imperceptible (level 10, -5/53 HPs)
             Began as a Spriggan Brigand on Sept 18, 2021.
             Was an Initiate of Gozag.
             Slain by a spriggan (9 damage)
             ... in the Dungeon (Sprint IV: "Fedhas' Mad Dash").
             The game lasted 00:08:55 (1379 turns).

styxcanada the Imperceptible (Spriggan Brigand)     Turns: 1379, Time: 00:08:57

Health: -5/53      AC:  4    Str:  7    XL:     10   Next: 43%
Magic:  24/24      EV: 25    Int: 13    God:    Gozag
Gold:   1746       SH:  0    Dex: 20    Spells: 23/28 levels left

rFire    . . .     SeeInvis +   m - +4 Maxwell's thermic engine {flame, freeze}
rCold    . . .     Faith    .   (shield currently unavailable)
rNeg     . . .     Spirit   .   n - +1 robe {Will+}
rPois    .         Reflect  .   (helmet restricted)
rElec    .         Harm     .   c - +0 cloak
rCorr    .         Rampage  .   (gloves unavailable)
Will     ++...     NoTele   +   (boots unavailable)
Stlth    +++++++++.             j - amulet of invisibility {+Inv}
HPRegen  0.17/turn              (no ring)
MPRegen  0.19/turn              (no ring)

@: mighty, unable to read, gold aura, very quick
A: very small, no large weapons, unfitting armour, see invisible, speed 3,
inability to read while threatened
a: Renounce Religion, Evoke Invisibility, Potion Petition, Call Merchant, Bribe
Branch


You were in the Dungeon.
You worshipped Gozag.
Gozag was most pleased with you.
You visited 1 branch You collected 2091 gold pieces.
You spent 345 gold pieces at shops.

Inventory:

Hand Weapons
 a - a +2 dagger
 m - the +4 Maxwell's thermic engine (weapon) {flame, freeze}
   (You found it in the Dungeon)

   It burns those it strikes, dealing additional fire damage.
   Big, fiery blades are also staple armaments of hydra-hunters.
   It freezes those it strikes, dealing additional cold damage.
   It can also slow down cold-blooded creatures.
   It becomes more effective when it hits something.
   This effect fades over time.
Missiles
 d - 33 poisoned darts (quivered)
 e - 2 curare-tipped darts
 p - 21 stones
Armour
 c - a +0 cloak (worn)
 n - a +1 robe of willpower (worn)
Jewellery
 j - the amulet of invisibility (around neck) {+Inv}
   (You found it in the Dungeon)

   [amulet of nothing]

   +Inv:      It lets you turn invisible.
 l - a ring of positive energy
Wands
 b - a wand of polymorph (5)
Scrolls
 k - a scroll of blinking
Potions
 f - a potion of curing
 g - 3 potions of heal wounds
 h - a potion of haste
 i - 2 potions of magic


   Skills:
 * Level 6.4 Fighting
 + Level 6.3(6.5) Short Blades
 + Level 1.1(3.2) Long Blades
 + Level 5.2 Throwing
 * Level 10.3 Dodging
 * Level 22.9 Stealth
 * Level 9.5 Spellcasting
 * Level 9.1 Hexes
 * Level 10.7 Evocations


You had 23 spell levels left.
You knew the following spells:

 Your Spells              Type           Power      Damage    Failure   Level
a - Slow                  Hex            29%        N/A       1%          2
b - Confusing Touch       Hex            29%        N/A       1%          3

Your spell library contained the following spells:

 Spells                   Type           Power      Damage    Failure   Level
 Animate Skeleton         Necr           12%        N/A       12%         1
 Pain                     Necr           24%        1d5       12%         1
 Vampiric Draining        Necr           3%         2d6       34%         3
 Yara's Violent Unravell  Hex/Tmut       9%         3d6       45%         5


Dungeon Overview and Level Annotations

Branches:
Dungeon (1/1)

Altars:
Cheibriados
Dithmenos
Elyvilon
Gozag
Hepliaklqana
Kikubaaqudgha
Makhleb
Nemelex Xobeh
Okawaru
Qazlal
Ru
Sif Muna
Trog
Uskayaw
Vehumet
Wu Jian
Xom
Yredelemnul
Zin
The Shining One
Beogh
Jiyva
Lugonu

Shops:
D =*(!!


Innate Abilities, Weirdness & Mutations

You are very small and have problems with some larger weapons.
You are too small for most types of armour.
You have supernaturally acute eyesight. (SInv)
You cover ground extremely quickly. (Speed+++)
You sometimes lose the ability to read scrolls when taking damage.


Message History

Press: ? - help, Q - select action, (/) - cycle Shift-Dir - straight line, f - spriggan rider
Aim: a spriggan rider, wielding a +0 spear and wearing a +0 buckler (44% to hit)
You throw a poisoned dart.
The poisoned dart misses the spriggan rider.
The poisoned dart hits the spriggan.
The spriggan shouts!
Okay, then.
There is an open door here.
The engine hums to life!
m - the +2 Maxwell's thermic engine (weapon)
{flame, freeze} You feel very mighty all of a sudden.
The spriggan rider barely misses you.
You slash the spriggan rider! You burn the spriggan rider.
You freeze the spriggan rider.
The spriggan rider is moderately wounded.
The spriggan rider hits you with a +0 spear.
The spriggan rider hits you with a +0 spear!
You slice the spriggan rider!! You burn the spriggan rider!
You freeze the spriggan rider.
The spriggan rider is almost dead.
The spriggan rider hits you with a +0 spear!
You feel threatened and lose the ability to read scrolls!
You slash the spriggan rider! You burn the spriggan rider.
You kill the spriggan rider!
You kill the hornet!
The spriggan barely misses you.
Your base Long Blades skill increases to level 1!
Your Hexes skill increases to level 9!
You slash the spriggan! You burn the spriggan. You freeze the spriggan.
The spriggan is heavily wounded.
You can read scrolls again.
The spriggan barely misses you.
You riposte.
You closely miss the spriggan.
The spriggan is heavily wounded.
You closely miss the spriggan.
The spriggan is heavily wounded.
The spriggan hits you with a +0 short sword!
You feel threatened and lose the ability to read scrolls!
* * * LOW HITPOINT WARNING * * *
The spriggan hits you with a +0 short sword!
You die...
Your body crumbles into a pile of gold.

####################
_.⌠.#..'...#....##∩#
._..'..#...#!...')[#
_...#..###'##.[.##∩#$$####
._..#..##∩∩.'...#### ....#
_.⌠.#################...∩#
#########.....)###.....♣
###.'..'.....[.'@ii..♣
##..#..#.P.....#######
###.##+##.P....# '...#
######## #####


You could see 2 spriggans.

Vanquished Creatures
  A spriggan druid (D)
  6 oklob plants (D)
  A demonic crawler (D)
  3 burning bushes (D)
  A queen bee (D)
  3 wandering mushrooms (D)
  A hornet (D)
  3 scorpions (D)
  4 killer bees (D)
  5 oklob saplings (D)
  3 spriggans (D)
  A river rat (D)
  A rat (D)
  A ballistomycete spore (D)
34 creatures vanquished.

Notes
Turn   | Place    | Note
-------+----------+-------------------------------------------
     0 | D        | styxcanada the Spriggan Brigand began the quest for the
                  | Orb.
     0 | D        | Reached XP level 1. HP: 10/10 MP: 2/2
     9 | D        | Reached skill level 8 in Stealth
     9 | D        | Reached XP level 2. HP: 13/15 MP: 3/3
    40 | D        | Noticed an oklob sapling
   146 | D        | Killed an oklob sapling
   147 | D        | Reached skill level 9 in Stealth
   147 | D        | Reached skill level 1 in Spellcasting
   147 | D        | Reached XP level 3. HP: 18/18 MP: 3/6
   171 | D        | Noticed a scorpion
   171 | D        | Found the amulet of invisibility {+Inv}
   173 | D        | Killed a scorpion
   174 | D        | Reached skill level 11 in Stealth
   174 | D        | Reached XP level 4. HP: 23/23 MP: 6/8
   196 | D        | Learned a level 2 spell: Slow
   202 | D        | Found an opulent altar of Gozag.
   202 | D        | Found a hazy altar of Hepliaklqana.
   202 | D        | Found a burning altar of Makhleb.
   202 | D        | Found a sparkling altar of Nemelex Xobeh.
   202 | D        | Found a sacrificial altar of Ru.
   202 | D        | Found a shimmering blue altar of Sif Muna.
   202 | D        | Found an ornate altar of the Wu Jian Council.
   202 | D        | Found a shimmering altar of Xom.
   202 | D        | Found a basalt altar of Yredelemnul.
   203 | D        | Found a viscous altar of Jiyva.
   203 | D        | Found a snail-covered altar of Cheibriados.
   203 | D        | Found a bloodstained altar of Trog.
   204 | D        | Found an iron altar of Okawaru.
   204 | D        | Found a shadowy altar of Dithmenos.
   204 | D        | Found a glowing silver altar of Zin.
   205 | D        | Found an ancient bone altar of Kikubaaqudgha.
   205 | D        | Found a hide-covered altar of Uskayaw.
   206 | D        | Found a stormy altar of Qazlal.
   206 | D        | Found a white marble altar of Elyvilon.
   206 | D        | Found a glowing golden altar of the Shining One.
   207 | D        | Became a worshipper of Gozag Ym Sagoz the Greedy
   208 | D        | Found a corrupted altar of Lugonu.
   208 | D        | Found a radiant altar of Vehumet.
   213 | D        | Reached skill level 13 in Stealth
   213 | D        | Reached skill level 1 in Hexes
   213 | D        | Reached XP level 5. HP: 28/28 MP: 7/10
   248 | D        | Learned a level 3 spell: Confusing Touch
   257 | D        | Reached skill level 1 in Evocations
   284 | D        | Reached skill level 5 in Dodging
   300 | D        | Reached skill level 14 in Stealth
   339 | D        | Reached XP level 6. HP: 7/32 MP: 11/13
   625 | D        | Found Joapted's General Store.
   625 | D        | Found Ubrios's Jewellery Emporium.
   632 | D        | Bought a +1 robe of willpower for 127 gold pieces
   632 | D        | Bought 17 poisoned darts for 68 gold pieces
   646 | D        | Noticed a burning bush
   646 | D        | Noticed a wandering mushroom
   647 | D        | Noticed a wandering mushroom
   650 | D        | Killed a burning bush
   651 | D        | Reached skill level 16 in Stealth
   651 | D        | Reached skill level 5 in Spellcasting
   651 | D        | Reached XP level 7. HP: 37/37 MP: 11/15
   651 | D        | Killed a wandering mushroom
   652 | D        | Reached skill level 17 in Stealth
   652 | D        | Reached skill level 5 in Hexes
   652 | D        | Killed a wandering mushroom
   653 | D        | Reached skill level 18 in Stealth
   667 | D        | Found Vifiypn's Antique Weapon Shoppe.
   668 | D        | Found Xinop's Distillery.
   673 | D        | Bought a potion of heal wounds for 50 gold pieces
   673 | D        | Bought a potion of degeneration for 10 gold pieces
   673 | D        | Bought a potion of heal wounds for 50 gold pieces
   673 | D        | Bought a potion of might for 40 gold pieces
   734 | D        | Reached XP level 8. HP: 42/42 MP: 15/18
   740 | D        | Noticed a queen bee
   747 | D        | Killed a queen bee
   749 | D        | Reached skill level 5 in Short Blades
   752 | D        | Reached skill level 19 in Stealth
   761 | D        | Gained mutation: You sometimes lose the ability to read
                  | scrolls when taking damage. [mutagenic glow]
   849 | D        | Noticed an oklob plant
   852 | D        | Killed an oklob plant
   853 | D        | Reached skill level 5 in Fighting
   853 | D        | Reached skill level 5 in Evocations
   866 | D        | Noticed a burning bush
   869 | D        | Killed a burning bush
   870 | D        | Reached skill level 20 in Stealth
   870 | D        | Reached XP level 9. HP: 47/47 MP: 19/21
   924 | D        | Noticed a burning bush
   924 | D        | Noticed an oklob plant
   925 | D        | Noticed a wandering mushroom
   925 | D        | Found the +2 Maxwell's thermic engine {flame, freeze}
   926 | D        | Killed a burning bush
   927 | D        | Reached skill level 5 in Throwing
   931 | D        | Killed an oklob plant
   935 | D        | Killed a wandering mushroom
   936 | D        | Reached skill level 21 in Stealth
   986 | D        | Noticed a spriggan druid
   988 | D        | Killed a spriggan druid
  1032 | D        | Noticed an oklob plant conjurer
  1033 | D        | Killed an oklob plant conjurer
  1106 | D        | Noticed an oklob plant
  1106 | D        | Noticed an oklob plant summoner
  1107 | D        | Noticed an oklob plant shifter
  1111 | D        | Killed an oklob plant
  1112 | D        | Reached skill level 22 in Stealth
  1112 | D        | Reached XP level 10. HP: 53/53 MP: 20/24
  1113 | D        | Killed an oklob plant summoner
  1116 | D        | Killed an oklob plant shifter
  1117 | D        | Reached skill level 10 in Dodging
  1117 | D        | Reached skill level 10 in Evocations
  1362 | D        | Noticed a spriggan rider
  1363 | D        | Found Feoproen's Distillery.
  1377 | D        | Killed a spriggan rider
  1378 | D        | Reached skill level 1 in Long Blades
  1379 | D        | Slain by a spriggan

Illustrated notes

Levels and vault maps discovered:
D:        dungeon_sprint_fedhas [sprint_temple]

Skill      XL: |  1  2  3  4  5  6  7  8  9 10 |
---------------+-------------------------------+-----
Dodging        | 2 3 4 5 6 7 8 9 10 | 10.3
Stealth        | 8 9 11 13 14 16 18 20 22 | 22.9
Fighting       | 2 3 4 5 6 |  6.4
Spellcasting   | 1 2 3 4 5 6 7 9 |  9.5
Short Blades   | 3 4 5 6 |  6.3
Hexes          | 1 3 4 5 7 8 9 |  9.1
Evocations     | 1 2 3 6 9 10 | 10.7
Throwing       | 3 4 5 |  5.2
Long Blades    | 1 |  1.1

Action                   |  1- 3 |  4- 6 |  7- 9 | 10-12 || total
-------------------------+-------+-------+-------+-------++-------
Melee: Dagger            |    10 |     4 |    24 |     4 ||    42
       Double sword      |       |       |       |    14 ||    14
Throw: Dart              |       |     9 |       |     2 ||    11
 Abil: Evoke Invisibilit |       |     3 |     7 |       ||    10
  Use: Potion            |     1 |       |       |     1 ||     2
       Scroll            |       |       |     1 |       ||     1
 Stab: Sleeping          |     2 |     2 |    18 |     2 ||    24
       Invisible         |       |     1 |     1 |       ||     2
Armor: Robe              |     1 |       |       |     3 ||     4
Dodge: Dodged            |     3 |     6 |    11 |    40 ||    60
       Rpst.: Double sword |       |       |       |     5 ||     5
